AoeStats
← ageiplayer500abernurspanier

Arena

504446649Analyzed
2v2 RM · 26d ago on Sep 5, 2026· 40m 28s· 4 players
Game mode
Random Map
Map size
Medium (4 player)
Population
200
Speed
Normal
Resources
Standard
Victory
Conquest
Starting age
Dark Age
Ending age
Imperial Age
RankedLock teamsTeams togetherTeam positionsShared explorationLock speedFull tech treeHidden civsTurbo modeCheats
Victory
Defeat
🇩🇪 Aztecs · Germany
1303
+14
🇩🇪 Burgundians · Germany
1280
+15
🇨🇳 Khmer · China
1285
-15
1238
-14
leox
9:24 Feudal Age
13:56 Castle Age
13:05 Double-Bit Axe
13:53 Scale Mail Armor
14:59 Loom
16:07 Horse Collar
16:55 Bow Saw
17:42 Sanctity
18:41 Fervor
21:35 Heavy Plow
25:16 Imperial Age
24:25 Gold Mining
25:24 Redemption
25:54 Town Watch
27:51 Block Printing
27:04 Pikeman
28:55 Gold Shaft Mining
28:38 Squires
29:50 Illumination
30:04 Theocracy
34:33 Garland Wars
34:33 Conscription
35:30 Siege Engineers
35:59 Chain Mail Armor
37:28 Heresy
37:29 Atonement
40:59 Wheelbarrow
suzn
6:29 Double-Bit Axe
10:22 Feudal Age
15:15 Castle Age
14:00 Bow Saw
13:50 Horse Collar
14:28 Gold Mining
16:19 Scale Mail Armor
20:42 Loom
25:19 Wheelbarrow
25:50 Heavy Plow
28:00 Two-Man Saw
28:28 Hand Cart
28:52 Crop Rotation
29:17 Town Watch
33:31 Imperial Age
31:57 Scale Barding Armor
32:03 Forging
31:26 Cavalier
32:06 Husbandry
32:59 Fortified Wall
34:27 Chain Mail Armor
34:47 Iron Casting
33:36 Pikeman
36:15 Halberdier
37:56 Plate Mail Armor
37:48 Chain Barding Armor
37:53 Squires
41:35 Blast Furnace
ageiplayer500abernurspanier
10:38 Feudal Age
10:30 Loom
15:25 Castle Age
13:49 Double-Bit Axe
16:53 Horse Collar
21:44 Wheelbarrow
25:17 Heavy Plow
30:06 Imperial Age
28:45 Scale Barding Armor
28:52 Forging
28:49 Gold Mining
30:02 Bloodlines
29:53 Husbandry
30:57 Iron Casting
31:00 Chain Barding Armor
30:12 Cavalier
31:36 Man-at-Arms
32:28 Long Swordsman
33:17 Two-Handed Swordsman
34:01 Scale Mail Armor
34:35 Fletching
34:49 Champion
36:24 Conscription
36:42 Squires
36:27 Gambesons
39:01 Light Cavalry
DeFM
10:07 Feudal Age
13:36 Castle Age
11:48 Double-Bit Axe
11:55 Horse Collar
16:02 Bow Saw
15:40 Loom
22:24 Loom
27:08 Wheelbarrow
30:30 Imperial Age
28:05 Town Watch
28:37 Heavy Plow
29:21 Scale Barding Armor
29:31 Bloodlines
29:22 Husbandry
31:07 Chain Barding Armor
31:09 Forging
33:00 Hand Cart
32:29 Light Cavalry
34:17 Gold Mining
34:17 Stone Mining
34:09 Hussar
35:12 Town Patrol
35:47 Elite Battle Elephant
37:01 Conscription
39:02 Plate Barding Armor
39:02 Iron Casting
38:53 Double Crossbow
38:57 Tusk Swords
39:42 Gold Shaft Mining
Connection lost

Rejoining the realm…

Still unreachable

The connection could not be restored.

Session expired

The server has moved on; the page needs a fresh start.